 Dungeon Crawl Stone Soup version 0.20-a0-16-g0876c8e (webtiles) character file.

963 Kareekexe the Charmwright (level 8, 0/41 HPs)
             Began as a Vine Stalker Skald on Nov 4, 2016.
             Was an Initiate of Okawaru.
             Slain by an orc warrior
             ... wielding a +1 short sword of protection
              (7 damage)
             ... on level 5 of the Dungeon.
             The game lasted 00:15:12 (5515 turns).

Kareekexe the Charmwright (Vine Stalker Skald)      Turns: 5515, Time: 00:15:13

Health: 0/41       AC:  9    Str: 15    XL:     8   Next: 15%
Magic:  0/15       EV: 13    Int: 12    God:    Okawaru [......]
Gold:   254        SH:  0    Dex: 16    Spells: 3 memorised, 10 levels left

rFire  . . .     SeeInvis .     u - +0 rapier
rCold  . . .     Gourm    .     b - +0 leather armour
rNeg   . . .     Faith    .     (no shield)
rPois  +         Spirit   +     (no helmet)
rElec  .         Reflect  .     (no cloak)
rCorr  .         Harm     .     m - +0 pair of gloves
MR     +....                    (no boots)
Stlth  +.........               (no amulet)
                                f - ring of poison resistance
                                k - +5 ring of protection

@: singing (expiring)
A: fangs 3, regeneration 1, magic shield, antimagic bite, no device heal 3, rot
immunity
a: Renounce Religion, Stop Singing


You were on level 5 of the Dungeon.
You worshipped Okawaru.
Okawaru was noncommittal.
You were not hungry.

You visited 2 branches of the dungeon, and saw 6 of its levels.

You collected 324 gold pieces.
You spent 70 gold pieces at shops.

Inventory:

Hand Weapons
 a - a +0 short sword
 u - a +0 rapier (weapon)
Armour
 b - a +0 leather armour (worn)
 m - a +0 pair of gloves (worn)
Jewellery
 f - a ring of poison resistance (right hand)
 k - a +5 ring of protection (left hand)
 x - a -3 ring of protection
 C - an uncursed ring of fire {unknown}
Scrolls
 e - 2 scrolls of random uselessness {unknown}
 h - 2 scrolls of recharging {unknown}
 i - a scroll of noise {unknown}
 j - 4 scrolls of enchant armour {unknown}
 l - 3 scrolls of remove curse
 n - a scroll of fear {unknown}
 p - 2 scrolls of fog
 t - a scroll of immolation {unknown}
 A - a scroll of blinking {unknown}
 D - a scroll of identify {unknown}
Potions
 q - 2 potions of degeneration {unknown}
 s - a potion of resistance {unknown}
 v - a potion of agility {unknown}
 z - 2 potions of haste {unknown}
Books
 c - a book of Battle

   Spells                             Type                      Level
   a - Infusion                       Charms                       1
   b - Shroud of Golubria             Charms/Translocation         2
   c - Song of Slaying                Charms                       2
   d - Spectral Weapon                Hexes/Charms                 3
   e - Regeneration                   Charms/Necromancy            3
 y - a book of Air

   Spells                             Type                      Level
   a - Shock                          Conjuration/Air              1
   b - Swiftness                      Charms/Air                   2
   c - Repel Missiles                 Charms/Air                   2
   d - Static Discharge               Conjuration/Air              3
   e - Lightning Bolt                 Conjuration/Air              5
Comestibles
 d - 6 bread rations
 g - 2 slices of pizza
 o - 8 fruits
 r - 2 meat rations
 w - a beef jerky
 B - 11 chunks of flesh
 E - a royal jelly


   Skills:
 + Level 3.6 Fighting
 + Level 3.9 Short Blades
 + Level 3.1 Armour
 + Level 3.0 Dodging
 + Level 4.2 Spellcasting
 + Level 4.5 Charms


You had 10 spell levels left.
You knew the following spells:

 Your Spells              Type           Power        Failure   Level  Hunger
a - Infusion              Chrm           ##..         4%          1    None
b - Song of Slaying       Chrm           ##......     8%          2    ##.....
c - Shroud of Golubria    Chrm/Tloc      #.........   17%         2    ##.....


Dungeon Overview and Level Annotations

Branches:
Dungeon (5/15)             Temple (1/1) D:5

Altars:
Ashenzari
Cheibriados
Fedhas
Hepliaklqana
Kikubaaqudgha
Makhleb
Nemelex Xobeh
Okawaru
Qazlal
Ru
Sif Muna
Uskayaw
Xom
Yredelemnul

Shops:
D:4 ==*


Innate Abilities, Weirdness & Mutations

You have razor-sharp teeth.
Your natural rate of healing is unusually fast.
When hurt, damage is shared between your health and your magic reserves.
Your bite disrupts and absorbs the magic of your enemies.
Potions and wands cannot restore your health.
You are immune to rotting.


Message History

The orc warrior hits you but does no damage.
You hit the orc warrior but do no damage.
The orc warrior is heavily wounded.
The orc warrior hits you with a short sword of protection!
You completely miss the orc warrior.
The orc warrior is heavily wounded.
The orc warrior hits you with a short sword of protection!
You closely miss the orc warrior.
The orc warrior is heavily wounded.
The orc warrior barely misses you.
You hit the orc warrior.
The orc warrior is heavily wounded.
You are no longer magically infusing your attacks.
Your song is almost over.
The orc warrior hits you with a short sword of protection!
* * * LOW HITPOINT WARNING * * *
You closely miss the orc warrior.
The orc warrior is heavily wounded.
The orc warrior hits you with a short sword of protection!
You die...

#.############.#..##.#####.#####.
.....................# #.#.....
#.###############.#### #.#.###.
................#.# ####.#.###.
#.#############.#.### #..........
#.# #.....# #.......... #.#
###.### #.......... #.#
##############...<...... #..
....ooo@.....#.......... ###
##########.###.......... #.#
######.#... #.# ####.#### #.#
#........ #.# #.##.#### #.#
#.##.# #.# #.##.#### #.#
#........


You could see an orc warrior and 2 orcs.

Vanquished Creatures
  Grinder (D:5)
  2 phantoms
  2 howler monkeys (D:5)
  A bullfrog zombie (D:5)
  The ghost of Tux the Ruffian, a weakling VSTm (D:3)
  3 orc priests (D:5)
  3 orc wizards
  An iguana (D:5)
  3 gnolls (D:4)
  8 adders
  A shadow imp (D:5)
  2 adder skeletons
  4 worms
  2 dart slugs
  A leopard gecko (D:5)
  14 orcs
  A ball python (D:4)
  13 bats
  4 giant cockroaches
  7 goblins
  6 hobgoblins
  7 jackals (D:3)
  16 kobolds
  2 quokkas (D:3)
  A leopard gecko skeleton (D:5)
  24 rats
130 creatures vanquished.

Notes
Turn   | Place    | Note
-------+----------+-------------------------------------------
     0 | D:1      | Kareekexe the Vine Stalker Skald began the quest for the Orb.
     0 | D:1      | Reached XP level 1. HP: 11/11 MP: 4/4
    38 | D:1      | Reached skill level 1 in Dodging
   345 | D:1      | Reached skill level 1 in Armour
   345 | D:1      | Reached XP level 2. HP: 15/15 MP: 6/6
   944 | D:1      | Learned a level 2 spell: Song of Slaying
   947 | D:1      | Learned a level 2 spell: Shroud of Golubria
  1342 | D:2      | Reached XP level 3. HP: 9/18 MP: 1/7
  2031 | D:2      | Gained mutation: Your natural rate of healing is unusually fast. [Vine Stalker growth]
  2031 | D:2      | Reached XP level 4. HP: 18/23 MP: 5/8
  3011 | D:3      | Reached XP level 5. HP: 27/27 MP: 8/10
  3039 | D:3      | Found a shattered altar of Ashenzari.
  3058 | D:3      | Noticed Tux's ghost (weakling VSTm)
  3076 | D:3      | Killed Tux's ghost
  3414 | D:3      | Found an ancient bone altar of Kikubaaqudgha.
  3526 | D:3      | Reached XP level 6. HP: 32/32 MP: 7/11
  3847 | D:4      | Found Alisaeg's Jewellery Boutique.
  3849 | D:4      | Found Ydigutt's Jewellery Shop.
  3855 | D:4      | Noticed a phantom
  3926 | D:4      | Killed a phantom
  3960 | D:4      | Found a stormy altar of Qazlal.
  4134 | D:4      | Found a deep blue altar of Sif Muna.
  4252 | D:4      | Found Tuta's General Store.
  4257 | D:4      | Bought a scroll of fog for 28 gold pieces
  4257 | D:4      | Bought a scroll of remove curse for 42 gold pieces
  4569 | D:5      | Entered Level 5 of the Dungeon
  4569 | D:5      | Noticed Grinder
  4668 | D:5      | Killed Grinder
  4668 | D:5      | Reached XP level 7. HP: 11/36 MP: 2/13
  4987 | D:5      | Found a staircase to the Ecumenical Temple.
  4999 | Temple   | Entered the Ecumenical Temple
  5023 | Temple   | Became a worshipper of Warmaster Okawaru
  5264 | D:5      | Gained mutation: You have razor-sharp teeth. [Vine Stalker growth]
  5264 | D:5      | Reached XP level 8. HP: 20/41 MP: 13/15
  5452 | D:5      | Found a hazy altar of Hepliaklqana.
  5515 | D:5      | Slain by an orc warrior

Vault maps used:
D:1:      matt_arrival_diagonals
D:2:      first_bread
D:3:      nicolae_overflow_crystal_walls, kiku_gazebo_pond_becter,
          minmay_rat_hole
D:4:      lemuel_blue_sif_altar, serial_shops, shop, nicolae_shop_crystal,
          kennysheep_mini_moat, grunt_qazlal_sundering
D:5:      kennysheep_mini, uniq_grinder
Temple:   cyrus_temple_forest

Skill      XL: |  1  2  3  4  5  6  7  8 |
---------------+-------------------------+-----
Dodging        | 1 2 3 |  3.0
Armour         | 1 2 3 |  3.1
Fighting       | 2 3 |  3.6
Short Blades   | 2 3 |  3.9
Spellcasting   | 3 4 |  4.2
Charms         | 4 |  4.5

Action                   |  1- 3 |  4- 6 |  7- 9 || total
-------------------------+-------+-------+-------++-------
Melee: Short sword       |   107 |   299 |       ||   406
       Bite              |    12 |    74 |    37 ||   123
       Rapier            |       |    28 |   107 ||   135
 Cast: Infusion          |     7 |    20 |     7 ||    34
       Song of Slaying   |       |     5 |     1 ||     6
  Use: Potion            |     2 |       |       ||     2
       Scroll            |       |       |     1 ||     1
  Eat: Chunk             |     2 |    11 |     3 ||    16
Armor: Leather armour    |    19 |   113 |    22 ||   154
Dodge: Dodged            |    60 |   171 |    57 ||   288
